 Dungeon Crawl Stone Soup version 0.32-a0-768-g0f6f1dd4b9 (webtiles) character file.

Game seed: 1756791584403278019

16 Griffin23 the Trooper (level 2, -6/27 HPs)
             Began as a Minotaur Fighter on Mar 18, 2024.
             Succumbed to a kobold's poison
             ... on level 1 of the Dungeon.
             The game lasted 00:00:22 (396 turns).

Griffin23 the Trooper (Minotaur Fighter)             Turns: 396, Time: 00:00:23

Health: -6/27      AC:  7    Str: 20    XL:     2   Next: 37%
Magic:  1/1        EV:  8    Int:  5    God:
Gold:   27         SH:  4    Dex:  9    Spells: 1/1 levels left

rFire   . . .        a - +0 long sword
rCold   . . .        c - +0 buckler
rNeg    . . .        b - +0 scale mail
rPois   .            (helmet restricted)
rElec   .            (no cloak)
rCorr   .            (no gloves)
SInv    .            (no boots)
Will    .....        (no amulet) Stlth
                     (no ring)
HPRegen 0.24/turn    (no ring)
MPRegen 0.07/turn

%: no passive effects
@: mighty, lethally poisoned (-6 -> -37)
A: horns 2, retaliatory headbutt
a: no special abilities


You were on level 1 of the Dungeon.
You visited 1 branch of the dungeon, and saw 1 of its levels.

You collected 27 gold pieces.

Inventory:

Hand Weapons
 a - a +0 long sword (weapon)
Armour
 b - a +0 scale mail (worn)
 c - a +0 buckler (worn)
Jewellery
 g - a ring of flight
Scrolls
 e - 3 scrolls of torment {unknown}
 f - a scroll of identify {unknown}


   Skills:
 + Level 3.9 Fighting
 + Level 2.8 Long Blades
 + Level 3.9 Armour
 + Level 3.9 Shields


You had one spell level left.
You didn't know any spells.
Your spell library was empty.

Dungeon Overview and Level Annotations

Branches:
Dungeon (1/15)

Altars:


Innate Abilities, Weirdness & Mutations

You have a pair of horns on your head.
You reflexively headbutt those who attack you in melee.


Message History

A rat is nearby!
You hit the rat.
The rat is severely wounded.
The rat closely misses you. You furiously retaliate!
You headbutt the rat!
You kill the rat!
You see here a +0 short sword.
Key pressed, stopping explore.
No target in view!
Key pressed, stopping explore.
No target in view!
Key pressed, stopping explore.
No target in view!
No target in view!
g - a ring of flight A kobold comes into view.
It is wielding a +2 dagger of venom.
The kobold shouts!
A kobold is nearby!
A kobold is nearby!
The kobold hits you with a +2 dagger of venom.
You are poisoned.
You hit the kobold.
The kobold is moderately wounded.
You feel very sick. The kobold hits you but does no damage.
You are more poisoned.
The kobold hits you with a +2 dagger of venom.
You are more poisoned.
You barely miss the kobold.
The kobold is moderately wounded.
You feel extremely sick. The kobold hits you but does no damage.
You are more poisoned.
You barely miss the kobold.
The kobold is moderately wounded.
* * * LOW HITPOINT WARNING * * *
You feel extremely sick. The kobold hits you but does no damage.
You are more poisoned.
You feel very mighty all of a sudden.
You die...

#.### ##....#.# #.# ####.#.#
#.# #.#.# #.# #.#.# #.# #.#.#
#.######## ..... #........#
.#### .. #.#..#####.#######.
#. #........@K....... ### #.
#.##.#####............# #.
##.##.# #########.##.# #.
#.....# #.##.# #. ##.....#
#.##.# #. #......# ##.##.#
##. #......# #######...#.#
#.. #......#
#...........###..
#.###†#######.#####...#.#....


You could see a kobold.

Vanquished Creatures
  An endoplasm (D:1)
  A giant cockroach (D:1)
  3 goblins (D:1)
  3 ball pythons (D:1)
  4 frilled lizards (D:1)
  3 kobolds (D:1)
  2 rats (D:1)
17 creatures vanquished.

Notes
Turn   | Place    | Note
-------+----------+-------------------------------------------
     0 | D:1      | Griffin23 the Minotaur Fighter began the quest for the Orb.
     0 | D:1      | Reached XP level 1. HP: 19/19 MP: 0/0
   271 | D:1      | Reached XP level 2. HP: 27/27 MP: 1/1
   395 | D:1      | HP: 1/27 [poisoned by a kobold]
   396 | D:1      | Succumbed to a kobold's poison

Illustrated notes

Levels and vault maps discovered:
D:1:      onia_arrival_pentagram, layout_loops_ring, minmay_strange_pillars,
          corner_web_ring

Action                     || total
---------------------------++-------
  Melee: Long sword        ||    42
         Headbutt          ||     4
    Use: Potion            ||     1
 Armour: Scale mail        ||    37
  Dodge: Dodged            ||    11
  Block: Buckler           ||     5

Table legend: (Time is in decaauts)
 A = Elapsed time spent in this place.
 B = Non-inter-level travel time spent in this place.
 C = Inter-level travel time spent in this place.
 D = Time resting spent in this place.
 E = Time spent auto-exploring this place.
 F = Levels seen in this place.
 G = Mean time per level.
                   A        B        C        D        E       F      G
               +--------+--------+--------+--------+--------+-----+--------+
         Total |    408 |    408 |      0 |      0 |    309 |   1 |  408.0 |
       Dungeon |    408 |    408 |      0 |      0 |    309 |   1 |  408.0 |
               +--------+--------+--------+--------+--------+-----+--------+

Top non-repeatable levels by time:
     D:1: 408 daAuts
